 Dungeon Crawl Stone Soup version 0.27-a0-998-g4cfe56dd59 (webtiles) character file.

Game seed: 878825583304722552

4927 Conn the Thaumaturge (level 10, -1/61 HPs)
             Began as an Octopode Hedge Wizard on Apr 17, 2021.
             Was a Believer of Sif Muna.
             Slain by an 11-headed hydra (2 damage)
             ... on level 1 of the Lair of Beasts.
             The game lasted 00:55:08 (13097 turns).

Conn the Thaumaturge (Octopode Hedge Wizard)       Turns: 13097, Time: 00:55:08

Health: -1/61      AC:  9    Str:  9    XL:     10   Next: 52%
Magic:  11/22      EV: 18    Int: 20    God:    Sif Muna [**....]
Gold:   411        SH:  5    Dex: 18    Spells: 10/25 levels left

rFire    + . .     SeeInvis +   a - +3 war axe (pain)
rCold    x . .     Faith    .   (no shield)
rNeg     . . .     Spirit   .   H - +0 hat
rPois    .         Reflect  +   i - amulet of reflection
rElec    .         Harm     .   g - ring of willpower
rCorr    .         Rampage  .   O - +4 ring of evasion
Will     +....                  l - ring of fire
Stlth    ++++......             w - ring of wizardry
HPRegen  0.20/turn              y - +4 ring of protection
MPRegen  0.18/turn              z - +4 ring of protection
                                E - ring of see invisible
                                F - +6 ring of dexterity

@: no status effects
A: almost no armour, amphibious, 8 rings, camouflage 1, gelatinous body 1,
(nimble swimmer 1), tentacles
a: Renounce Religion, Channel Magic


You were on level 1 of the Lair of Beasts.
You worshipped Sif Muna.
Sif Muna was pleased with you.
You visited 3 branches of the dungeon, and saw 10 of its levels.

You collected 411 gold pieces.

Inventory:

Hand Weapons
 a - a +3 war axe of pain (weapon)
 C - a +2 long sword of holy wrath
 D - a +0 dagger
 J - a +2 shortbow of flaming
Missiles
 f - 32 poisoned darts (quivered)
 G - a throwing net
 K - 46 arrows
Armour
 H - a +0 hat (worn)
Magical Staves
 b - a staff of air
Jewellery
 c - a ring of flight
 g - a ring of willpower (left tentacle)
 i - an amulet of reflection (around mantle)
 l - a ring of fire (on tentacle)
 p - a ring of fire
 r - an amulet of guardian spirit
 w - a ring of wizardry (on tentacle)
 y - a +4 ring of protection (on tentacle)
 z - a +4 ring of protection (on tentacle)
 E - a ring of see invisible (on tentacle)
 F - a +6 ring of dexterity (on tentacle)
 O - a +4 ring of evasion (right tentacle)
Wands
 j - a wand of flame (7)
 n - a wand of iceblast (6)
 N - a wand of acid (11)
Scrolls
 e - 8 scrolls of identify
 h - a scroll of enchant weapon
 m - a scroll of torment {unknown}
 o - 6 scrolls of teleportation
 t - a scroll of summoning {unknown}
 v - a scroll of fear {unknown}
 B - a scroll of blinking
 L - a scroll of fog
 M - a scroll of amnesia {unknown}
Potions
 d - a potion of degeneration {unknown}
 k - a potion of lignification {unknown}
 q - a potion of might {unknown}
 s - a potion of cancellation {unknown}
 u - a potion of magic {unknown}
 x - 2 potions of curing {unknown}
 A - a potion of haste
 I - a potion of invisibility


   Skills:
 * Level 2.6 Fighting
 + Level 1.7 Short Blades
 * Level 5.0 Axes
 + Level 1.4 Throwing
 + Level 3.4 Dodging
 + Level 5.8 Stealth
 + Level 1.6 Shields
 * Level 8.0 Spellcasting
 * Level 4.9 Conjurations
 + Level 3.0 Summonings
 + Level 1.6 Translocations
 + Level 0.3 Transmutations
 * Level 5.3 Fire Magic
 + Level 0.9 Air Magic
 + Level 4.5 Earth Magic
 + Level 1.2 Poison Magic
 + Level 1.5 Evocations


You had 10 spell levels left.
You knew the following spells:

 Your Spells              Type           Power      Damage    Failure   Level
a - Magic Dart            Conj           100%       1d8       1%          1
b - Blink                 Tloc           N/A        N/A       2%          2
c - Call Imp              Summ           20%        N/A       1%          2
d - Conjure Flame         Conj/Fire      43%        6-21      1%          3
e - Mephitic Cloud        Conj/Pois/Air  17%        N/A       4%          3
f - Petrify               Tmut/Erth      17%        N/A       12%         4

Your spell library contained the following spells:

 Spells                   Type           Power      Damage    Failure   Level
 Slow                     Hex            8%         N/A       5%          2
 Gell's Gravitas          Tloc           7%         N/A       5%          3
 Confusing Touch          Hex            8%         N/A       11%         3
 Yara's Violent Unravell  Hex/Tmut       4%         3d4       61%         5
 Metabolic Englaciation   Hex/Ice        4%         N/A       65%         5


Dungeon Overview and Level Annotations

Branches:
Dungeon (8/15)             Temple (1/1) D:4            Lair (1/6) D:8

Altars:
Cheibriados
Elyvilon
Gozag
Nemelex Xobeh
Okawaru
Qazlal
Sif Muna
Trog
Uskayaw
Vehumet
Xom
Zin

Shops:
D:3 :


Innate Abilities, Weirdness & Mutations

You cannot wear most types of armour.
You are amphibious.
You can wear up to eight rings at the same time.
Your skin changes colour to match your surroundings (Stealth+).
Your rubbery body absorbs attacks. (AC +1, EV +1)
((You are camouflaged near water. (Stealth+)))
You have tentacles for arms and can constrict up to eight enemies at once.


Message History

The ten-headed hydra is lightly wounded.
Your crimson imp hits the ten-headed hydra.
The helpless ten-headed hydra fails to defend itself.
You lop one of the ten-headed hydra's heads off!
The nine-headed hydra grows two more!
You slash the 11-headed hydra! You squeeze the 11-headed hydra.
The 11-headed hydra is lightly wounded.
The 11-headed hydra is no longer petrified.
The 11-headed hydra closely misses you.
The 11-headed hydra bites you but does no damage.
The 11-headed hydra barely misses you. The 11-headed hydra bites you.
The 11-headed hydra misses you.
The 11-headed hydra barely misses you. x2
The 11-headed hydra bites you.
The 11-headed hydra bites you but does no damage.
You block the 11-headed hydra's attack. The 11-headed hydra bites you!
Your crimson imp hits the 11-headed hydra.
Casting: Call Imp (safe; 1% risk of failure)
Confirm with . or Enter, or press ? or * to list all spells.
You blink.
Casting: Blink (safe; 2% risk of failure)
Confirm with . or Enter, or press ? or * to list all spells.
You blink.
Your crimson imp hits the 11-headed hydra.
Unknown command.
Unknown command.
Unknown command.
Okay, then.
Unknown command.
Unknown command.
Your crimson imp blinks!
The 11-headed hydra bites you but does no damage.
The 11-headed hydra misses you. The 11-headed hydra bites you.
The 11-headed hydra bites you!
* * * LOW HITPOINT WARNING * * *
The 11-headed hydra bites you!
* * * LOW HITPOINT WARNING * * *
The 11-headed hydra bites you!
* * * LOW HITPOINT WARNING * * *
You block the 11-headed hydra's attack. The 11-headed hydra bites you.
You die...

# ######## #########
####.....5# #........
#..'.§.@..# #........
#..#§.D...# ####........
#.##......###...........
#..
#.§[...'...##........
#.#
#......######........ ..
#......# #........ ###
#..(....# #........
##......# #........
#....#+## #.######.


You could see a 11-headed hydra (ally target) and a friendly crimson imp
(summoned).

Vanquished Creatures
  Maggie (D:6)
  A komodo dragon (D:8)
  Grinder (D:3)
  6 yaks
  2 wyverns
  2 basilisks (D:8)
  2 water moccasins
  An orc warrior (D:8)
  An ice beast (D:7)
  A black bear (D:7)
  An ogre (D:7)
  A swamp drake (D:8)
  A sky beast (D:5)
  3 centaurs
  2 phantoms (D:6)
  2 bullfrogs (D:7)
  A gnoll sergeant (D:7)
  2 scorpions
  8 killer bees (D:8)
  4 hounds
  A bullfrog skeleton (D:5)
  A centaur skeleton (D:6)
  5 iguanas
  2 orc wizards
  A hound skeleton (D:4)
  Robin (D:3)
  7 gnolls
  4 adders
  A shadow imp (D:7)
  A white imp (D:6)
  2 ufetubi
  An adder skeleton (D:4)
  2 worms
  A dart slug (D:2)
  21 orcs
  5 ball pythons
  2 bats
  5 endoplasms
  4 giant cockroaches
  13 goblins
  9 hobgoblins
  6 jackals
  3 quokkas
  3 frilled lizards
  3 kobolds
  4 rats
151 creatures vanquished.

Vanquished Creatures (collateral kills)
  A two-headed ogre (D:8)
  Duvessa (D:4)
  A black bear (D:6)
  An ogre (D:3)
  A scorpion (D:6)
  Dowan (D:4)
  Jessica (D:3)
  Ijyb (D:3)
  A gnoll (D:5)
  2 adders (D:3)
  3 orcs
  A ball python (D:4)
  3 goblins
  A rat (D:3)
19 creatures vanquished.

Vanquished Creatures (others)
  2 goblins (D:3)
  4 plants (D:3)
6 creatures vanquished.

Grand Total: 176 creatures vanquished

Notes
Turn   | Place    | Note
-------+----------+-------------------------------------------
     0 | D:1      | Conn the Octopode Hedge Wizard began the quest for the Orb.
     0 | D:1      | Reached XP level 1. HP: 11/11 MP: 4/4
   662 | D:1      | Reached XP level 2. HP: 17/17 MP: 4/6
  1745 | D:1      | Reached XP level 3. HP: 20/21 MP: 4/8
  2335 | D:2      | Found a faded altar of an unknown god.
  3206 | D:2      | Learned a level 2 spell: Blink
  3209 | D:2      | Learned a level 2 spell: Call Imp
  3213 | D:2      | Learned a level 3 spell: Conjure Flame
  3229 | D:3      | Noticed Ijyb
  3232 | D:3      | Noticed Jessica
  3245 | D:3      | Noticed Robin
  3305 | D:2      | Reached XP level 4. HP: 9/27 MP: 2/9
  3553 | D:3      | Found a snail-covered altar of Cheibriados.
  3869 | D:3      | Noticed Grinder
  3922 | D:3      | Killed Jessica
  3944 | D:3      | Paralysed by Grinder for 6 turns
  3963 | D:3      | Killed Grinder
  3964 | D:3      | Reached skill level 1 in Throwing
  3964 | D:3      | Reached skill level 4 in Spellcasting
  3964 | D:3      | Reached skill level 1 in Fire Magic
  3964 | D:3      | Reached XP level 5. HP: 31/31 MP: 0/11
  3964 | D:3      | Reached XP level 6. HP: 36/36 MP: 0/12
  4090 | D:3      | Killed Robin
  4299 | D:3      | Found a shimmering altar of Xom.
  4346 | D:3      | Found Kytivewinid's Book Boutique.
  4764 | D:3      | Killed Ijyb
  5754 | D:4      | Noticed Dowan
  5768 | D:4      | Killed Dowan
  5830 | D:4      | Found a staircase to the Ecumenical Temple.
  5841 | D:4      | Noticed Duvessa
  5845 | D:4      | Learned a level 3 spell: Mephitic Cloud
  5879 | D:4      | Killed Duvessa
  5880 | D:4      | Reached skill level 1 in Short Blades
  5880 | D:4      | HP: 1/37 [iguana (11)]
  5886 | Temple   | Entered the Ecumenical Temple
  6222 | Temple   | Became a worshipper of Sif Muna the Loreminder
  6252 | D:4      | Reached XP level 7. HP: 25/42 MP: 9/14
  6444 | D:4      | Reached skill level 1 in Fighting
  6444 | D:4      | Reached skill level 5 in Spellcasting
  6803 | D:3      | Reached skill level 1 in Evocations
  6914 | D:4      | Found a glowing silver altar of Zin.
  6975 | D:4      | Found a white marble altar of Elyvilon.
  7120 | D:4      | Found a stormy altar of Qazlal.
  7278 | D:5      | Entered Level 5 of the Dungeon
  7961 | D:5      | Found a radiant altar of Vehumet.
  8294 | D:5      | Learned a level 4 spell: Petrify
  8410 | D:6      | Noticed Maggie
  8438 | D:6      | Killed Maggie
  8439 | D:6      | Reached XP level 8. HP: 48/48 MP: 0/16
  8471 | D:6      | Reached skill level 1 in Shields
  8496 | D:6      | Reached skill level 1 in Earth Magic
  8644 | D:6      | Reached skill level 6 in Spellcasting
  8657 | D:6      | Found a hide-covered altar of Uskayaw.
 10013 | D:7      | Reached skill level 5 in Stealth
 10072 | D:7      | Reached * piety under Sif Muna
 10184 | D:7      | Reached XP level 9. HP: 47/53 MP: 17/19
 10209 | D:7      | Reached skill level 7 in Spellcasting
 11319 | D:7      | Found a bloodstained altar of Trog.
 11319 | D:7      | Found an iron altar of Okawaru.
 11730 | D:8      | Reached skill level 1 in Axes
 11730 | D:8      | Reached skill level 1 in Poison Magic
 11742 | D:8      | Reached ** piety under Sif Muna
 11971 | D:8      | Found an opulent altar of Gozag.
 12028 | D:8      | Noticed a two-headed ogre
 12037 | D:8      | Killed a two-headed ogre
 12038 | D:8      | Reached XP level 10. HP: 57/61 MP: 1/21
 12252 | D:8      | Reached skill level 8 in Spellcasting
 12342 | D:8      | Reached skill level 5 in Fire Magic
 12830 | D:8      | Found a staircase to the Lair.
 12835 | Lair:1   | Entered Level 1 of the Lair of Beasts
 13029 | Lair:1   | Reached skill level 5 in Axes
 13077 | Lair:1   | Noticed a seven-headed hydra
 13097 | Lair:1   | HP: 1/61 [11-headed hydra (7)]
 13097 | Lair:1   | Slain by an 11-headed hydra

Illustrated notes

Levels and vault maps discovered:
D:1:      dpeg_arrival_line_fractal, layout_basic
D:2:      layout_loops_ring, basic_ecumenical_altar
D:3:      layout_rooms, nicolae_overflow_crystal_walls, lemuel_crystal_altar,
          serial_shops, shop, serial_bayou_pond_b, uniq_jessica, uniq_ijyb,
          uniq_grinder, uniq_robin
D:4:      layout_cave_pools, kennysheep_little_box,
          nicolae_overflow_hidden_temple, zin_scriptorium,
          minmay_temple_entry_offerings, uniq_duvessa
D:5:      layout_gridville, nicolae_vehumet_radiance
D:6:      layout_loops_cross, general_overflow_altar, uniq_maggie
D:7:      layout_loops_ring, grunt_temple_overflow_bloody_war
D:8:      layout_basic, lemuel_coloured_pillars_altar,
          overflow_temple_1_default, erik_lair_dragon
Temple:   nicolae_temple_figure_zero
Lair:1:   layout_roguey, ebering_ghost_funeral_grove

Skill      XL: |  1  2  3  4  5  6  7  8  9 10 |
---------------+-------------------------------+-----
Stealth        | 3 4 5 |  5.8
Throwing       | 1 |  1.4
Spellcasting   | 4 5 6 7 8 |  8.0
Conjurations   | 2 3 4 |  4.9
Fire Magic     | 1 2 3 4 5 |  5.3
Short Blades   | 1 |  1.7
Fighting       | 1 2 |  2.6
Summonings     | 2 3 |  3.0
Evocations     | 1 |  1.5
Shields        | 1 |  1.6
Earth Magic    | 2 4 |  4.5
Dodging        | 3 |  3.4
Axes           | 3 5 |  5.0
Poison Magic   | 1 |  1.2
Translocations | |  1.6
Transmutations | |  0.3
Air Magic      | |  0.9

Action                   |  1- 3 |  4- 6 |  7- 9 | 10-12 || total
-------------------------+-------+-------+-------+-------++-------
Melee: Dagger            |    50 |    63 |   127 |       ||   240
       Constrict         |    13 |    19 |    31 |     3 ||    66
       Tentacles         |     8 |    15 |    27 |    13 ||    63
       War axe           |       |       |    42 |    58 ||   100
Throw: Dart              |     4 |    21 |    15 |       ||    40
 Cast: Magic Dart        |    80 |    56 |   161 |     9 ||   306
       Call Imp          |     3 |    24 |    25 |     2 ||    54
       Blink             |     2 |     3 |    16 |     7 ||    28
       Mephitic Cloud    |       |     2 |    24 |     7 ||    33
       Conjure Flame     |       |       |    14 |       ||    14
       Petrify           |       |       |     2 |     6 ||     8
Evoke: Wand              |       |     4 |     3 |     1 ||     8
  Use: Scroll            |     4 |       |     3 |       ||     7
       Potion            |     2 |     1 |       |     4 ||     7
 Stab: Sleeping          |     5 |     1 |     8 |       ||    14
       Confused          |       |     2 |     9 |     1 ||    12
       Petrified         |       |       |     2 |    18 ||    20
       Invisible         |       |       |       |     6 ||     6
Armor: Skin              |     2 |     1 |    37 |     8 ||    48
Dodge: Dodged            |    49 |    37 |   124 |    42 ||   252
Block: Other             |     8 |    14 |    34 |     9 ||    65
       Reflection        |       |       |     3 |       ||     3

Table legend: (Time is in decaauts)
 A = Elapsed time spent in this place.
 B = Non-inter-level travel time spent in this place.
 C = Inter-level travel time spent in this place.
 D = Time resting spent in this place.
 E = Time spent auto-exploring this place.
 F = Levels seen in this place.
 G = Mean time per level.
                   A        B        C        D        E       F      G
               +--------+--------+--------+--------+--------+-----+--------+
         Total |  13124 |  12924 |    200 |   2956 |   6358 |  10 | 1312.4 |
       Dungeon |  12511 |  12311 |    200 |   2956 |   5853 |   8 | 1563.9 |
        Temple |    345 |    345 |      0 |      0 |    332 |   1 |  345.0 |
          Lair |    267 |    267 |      0 |      0 |    173 |   1 |  267.0 |
               +--------+--------+--------+--------+--------+-----+--------+

Top non-repeatable levels by time:
     D:1: 2302 daAuts
     D:3: 2097 daAuts
     D:7: 1818 daAuts
     D:6: 1485 daAuts
     D:2: 1441 daAuts
     D:8: 1149 daAuts
     D:5: 1126 daAuts
     D:4: 1091 daAuts
  Temple: 345 daAuts
  Lair:1: 267 daAuts
